 Dungeon Crawl Stone Soup version 0.27.1-1-g398f81649c (webtiles) character file.

Game seed: 2742189514726337883

8099 pkoi the Brawler (level 11, -2/94 HPs)
             Began as a Troll Monk on Sept 16, 2021.
             Was an Initiate of Gozag.
             Slain by a two-headed ogre (26 damage)
             ... on level 10 of the Dungeon.
             The game lasted 00:14:09 (8638 turns).

pkoi the Brawler (Troll Monk)                       Turns: 8638, Time: 00:14:09

Health: -2/94      AC:  8    Str: 24    XL:     11   Next: 5%
Magic:  10/10      EV: 10    Int:  6    God:    Gozag
Gold:   2290       SH:  0    Dex: 12    Spells: 10/10 levels left

rFire    + . .     SeeInvis .     - Unarmed
rCold    . . .     Faith    .   (no shield)
rNeg     + . .     Spirit   .   q - +1 robe {rF+}
rPois    .         Reflect  .   (helmet restricted)
rElec    .         Harm     .   o - +2 cloak {rCorr}
rCorr    +         Rampage  .   (gloves unavailable)
Will     .....                  (boots unavailable)
Stlth    ++........             c - amulet of the acrobat
HPRegen  1.25/turn              t - ring of positive energy
MPRegen  0.12/turn              (no ring)

@: no status effects
A: large, unfitting armour, claws 3, regeneration 1, shaggy fur 1, tough skin 1
a: Renounce Religion, Potion Petition, Call Merchant, Bribe Branch


You were on level 10 of the Dungeon.
You worshipped Gozag.
Gozag was most pleased with you.
You visited 2 branches of the dungeon, and saw 11 of its levels.

You collected 2530 gold pieces.
You spent 240 gold pieces at shops.

Inventory:

Missiles
 j - 19 poisoned darts (quivered)
 p - 5 boomerangs
 y - 2 datura-tipped darts
 A - 4 large rocks
Armour
 a - a +1 robe
 o - a +2 cloak of preservation (worn)
 q - a +1 robe of fire resistance (worn)
Jewellery
 c - an amulet of the acrobat (around neck)
 t - a ring of positive energy (left claw)
Wands
 k - a wand of paralysis (9)
 l - a wand of iceblast (12)
 n - a wand of flame (15)
 u - a wand of charming (27)
Scrolls
 d - 3 scrolls of fog
 f - 2 scrolls of teleportation
 h - a scroll of blinking {unknown}
 s - 2 scrolls of identify
 w - a scroll of enchant weapon
 x - 3 scrolls of magic mapping
Potions
 b - a potion of berserk rage
 e - 3 potions of flight
 g - a potion of invisibility
 i - 2 potions of ambrosia
 m - 4 potions of curing
 r - a potion of cancellation
 v - a potion of heal wounds
 z - a potion of might


   Skills:
 + Level 2.4 Fighting
 + Level 0.0 Throwing
 + Level 0.0 Armour
 + Level 2.4 Dodging
 - Level 1.0 Stealth
 + Level 16.2 Unarmed Combat


You had 10 spell levels left.
You didn't know any spells.
Your spell library contained the following spells:

 Spells                   Type           Power      Damage    Failure   Level
 Sting                    Tmut/Pois      0%         1d3       45%         1
 Poisonous Vapours        Pois/Air       0%         N/A       58%         2
 Sublimation of Blood     Necr           0%         N/A       58%         2
 Wereblood                Tmut           0%         N/A       58%         2
 Gell's Gravitas          Tloc           0%         N/A       83%         3
 Lesser Beckoning         Tloc           0%         N/A       83%         3
 Ozocubu's Armour         Ice            0%         N/A       83%         3
 Stone Arrow              Conj/Erth      0%         3d7       83%         3
 Summon Guardian Golem    Hex/Summ       0%         N/A       83%         3
 Teleport Other           Tloc           0%         N/A       83%         3
 Animate Armour           Summ/Erth      0%         N/A       99%         4
 Olgreb's Toxic Radiance  Pois           0%         N/A       99%         4
 Blade Hands              Tmut           0%         N/A       100%        5
 Bolt of Magma            Conj/Fire/Erth 0%         4d4       100%        5
 Dispersal                Tloc           0%         N/A       100%        6
 Iron Shot                Conj/Erth      0%         9d1       100%        6
 Orb of Destruction       Conj           0%         N/A       100%        7
 Ozocubu's Refrigeration  Ice            0%         4d5       100%        7
 Spellforged Servitor     Conj/Summ      0%         N/A       100%        7
 Summon Hydra             Summ           0%         N/A       100%        7
 Shatter                  Erth           0%         3d5*      100%        9


Dungeon Overview and Level Annotations

Branches:
Dungeon (10/15)            Temple (1/1) D:6
   Lair: D:8-11         Orc: D:9-12

Altars:
Ashenzari
Cheibriados
Dithmenos
Elyvilon
Fedhas
Gozag
Hepliaklqana
Kikubaaqudgha
Makhleb
Nemelex Xobeh
Okawaru
Qazlal
Ru
Sif Muna
Trog
Uskayaw
Vehumet
Wu Jian
Xom
Yredelemnul
Zin
The Shining One

Shops:
D:4 [([   D:6 ?   D:7 *   D:8 (


Innate Abilities, Weirdness & Mutations

You are too large for most types of armour.
You have claws for hands.
Your natural rate of healing is unusually fast.
You are covered in fur. (AC +1)
You have tough skin. (AC +1)


Message History

You are too injured to fight recklessly!
You are too injured to fight recklessly!
You are too injured to fight recklessly!
You are too injured to fight recklessly!
You are too injured to fight recklessly!
You are too injured to fight recklessly!
You are too injured to fight recklessly!
You are too injured to fight recklessly!
You are too injured to fight recklessly!
You are too injured to fight recklessly!
You are too injured to fight recklessly!
You are too injured to fight recklessly!
You are too injured to fight recklessly!
You are too injured to fight recklessly!
You are too injured to fight recklessly!
You are too injured to fight recklessly!
You are too injured to fight recklessly!
You are too injured to fight recklessly!
You are too injured to fight recklessly!
You are too injured to fight recklessly!
You are too injured to fight recklessly!
You are too injured to fight recklessly!
You are too injured to fight recklessly!
You are too injured to fight recklessly!
You are too injured to fight recklessly!
Unknown command.
You scratch the two-headed ogre.
The two-headed ogre is severely wounded.
The kobold hits you but does no damage. The kobold closely misses you.
Unknown command.
You claw the two-headed ogre!
The two-headed ogre is almost dead.
The kobold brigand is no longer distracted by gold.
The kobold hits you with a +0 short sword.
* * * LOW HITPOINT WARNING * * *
The two-headed ogre hits you with a +0 giant club!!
* * * LOW HITPOINT WARNING * * *
The two-headed ogre hits you with a +0 giant club!!
You die...
Your body crumbles into a pile of gold.

...................
...##########........
##..##########........
......................
......................
..................####
#.................#
#.................#
#.....K@...$......#
#....KKOK.........#
....................
....................
.(..........$.......
#######.(..........
#...........
...........


You could see a two-headed ogre, a kobold brigand and 3 kobolds.

Vanquished Creatures
  Erica (D:8)
  A boulder beetle (D:8)
  A two-headed ogre (D:8)
  A cyclops (D:10)
  A manticore (D:9)
  A hornet (D:7)
  Grinder (D:3)
  A shadow (D:9)
  3 steam dragons
  4 water moccasins
  Duvessa (D:7)
  7 orc warriors
  A hornet zombie (D:6)
  2 black bears
  An ice beast (D:6)
  2 sky beasts
  A centaur (D:8)
  2 ogres
  3 bullfrogs
  Dowan (D:7)
  A scorpion (D:4)
  5 killer bees (D:8)
  17 wights
  2 howler monkeys
  A bullfrog zombie (D:5)
  2 hounds
  8 orc priests
  A bullfrog skeleton (D:7)
  2 centaur skeletons
  2 jellies
  Terence (D:2)
  2 iguanas (D:5)
  11 orc wizards
  Natasha (thrice) (D:2)
  Ijyb (D:4)
  A hound skeleton (D:5)
  A howler monkey zombie (D:6)
  8 gnolls (D:3)
  2 howler monkey skeletons
  4 adders
  A shadow imp (D:6)
  A white imp (D:5)
  An ufetubus (D:5)
  An adder skeleton (D:4)
  2 worms
  2 dart slugs
  45 orcs
  2 bats
  8 endoplasms
  A giant cockroach (D:2)
  9 goblins
  5 hobgoblins
  13 jackals
  3 quokkas
  3 ball pythons
  6 frilled lizards
  8 kobolds
  7 rats
229 creatures vanquished.

Vanquished Creatures (others)
  A plant (D:8)
1 creature vanquished.

Grand Total: 230 creatures vanquished

Notes
Turn   | Place    | Note
-------+----------+-------------------------------------------
     0 | D:1      | pkoi the Troll Monk began the quest for the Orb.
     0 | D:1      | Reached XP level 1. HP: 22/22 MP: 0/0
    64 | D:1      | Found a faded altar of an unknown god.
   103 | D:1      | Became a worshipper of Gozag Ym Sagoz the Greedy
   212 | D:1      | Reached XP level 2. HP: 28/29 MP: 1/1
   336 | D:1      | Reached skill level 4 in Unarmed Combat
   708 | D:2      | Noticed Natasha
   712 | D:2      | Reached XP level 3. HP: 36/36 MP: 2/2
   717 | D:2      | Killed Natasha
   881 | D:2      | Noticed Natasha
   886 | D:2      | Killed Natasha
   887 | D:2      | Reached skill level 5 in Unarmed Combat
   887 | D:2      | Reached XP level 4. HP: 43/44 MP: 3/3
   965 | D:2      | Noticed Natasha
  1262 | D:3      | Noticed Terence
  1295 | D:2      | Killed Terence
  1296 | D:2      | Reached XP level 5. HP: 17/41 MP: 4/4
  1378 | D:3      | Reached skill level 6 in Unarmed Combat
  1466 | D:3      | Noticed Grinder
  1528 | D:3      | Killed Grinder
  1529 | D:3      | Reached skill level 7 in Unarmed Combat
  1529 | D:3      | Reached XP level 6. HP: 7/59 MP: 5/5
  2232 | D:3      | Found a shimmering blue altar of Sif Muna.
  2331 | D:4      | Found Erioz's Armour Boutique.
  2332 | D:4      | Found Gimeqosu's Weapon Shop.
  2334 | D:4      | Found Kila's Antique Armour Shoppe.
  2344 | D:4      | Bought an embroidered cloak for 240 gold pieces
  2407 | D:4      | Reached skill level 8 in Unarmed Combat
  2415 | D:4      | Reached XP level 7. HP: 62/66 MP: 6/6
  2604 | D:4      | Reached skill level 9 in Unarmed Combat
  2632 | D:4      | Noticed Ijyb
  2656 | D:4      | Killed Ijyb
  3092 | D:5      | Entered Level 5 of the Dungeon
  3094 | D:5      | Identified a scroll of acquirement
  3094 | D:5      | Acquired 308 gold pieces
  3276 | D:5      | Reached XP level 8. HP: 74/74 MP: 7/7
  3378 | D:5      | Reached skill level 10 in Unarmed Combat
  4060 | D:6      | Reached skill level 11 in Unarmed Combat
  4144 | D:6      | Found a staircase to the Ecumenical Temple.
  4177 | Temple   | Entered the Ecumenical Temple
  4596 | D:6      | Found Suibav's Magic Scroll Emporium.
  4599 | D:6      | Reached XP level 9. HP: 76/80 MP: 8/8
  4834 | D:7      | Paralysed by a hornet for 1 turns
  4837 | D:7      | Reached skill level 12 in Unarmed Combat
  5015 | D:7      | Found Gozag's Platinum Reserve.
  5273 | D:7      | Found an opulent altar of Gozag.
  5273 | D:7      | Noticed Dowan
  5275 | D:7      | Noticed Duvessa
  5512 | D:7      | Killed Duvessa
  5515 | D:7      | Killed Dowan
  5612 | D:8      | Found an iron altar of Okawaru.
  5612 | D:8      | Noticed Erica
  5614 | D:8      | Found an ancient bone altar of Kikubaaqudgha.
  5617 | D:8      | Reached skill level 13 in Unarmed Combat
  5840 | D:8      | Noticed a two-headed ogre
  5846 | D:8      | Killed a two-headed ogre
  5847 | D:8      | Reached skill level 14 in Unarmed Combat
  5847 | D:8      | Reached XP level 10. HP: 60/88 MP: 9/9
  5948 | D:8      | Found a glowing golden altar of the Shining One.
  6116 | D:8      | Found Magoyrico's Antique Weapon Shoppe.
  6126 | D:8      | Found a shadowy altar of Dithmenos.
  6282 | D:8      | Killed Erica
  6557 | D:8      | Reached skill level 15 in Unarmed Combat
  6666 | D:8      | Noticed a boulder beetle
  6680 | D:8      | Killed a boulder beetle
  6737 | D:8      | Noticed a seven-headed hydra
  6957 | D:2      | Killed Natasha
  7885 | D:9      | Reached skill level 16 in Unarmed Combat
  8117 | D:9      | Noticed a manticore
  8129 | D:9      | Killed a manticore
  8495 | D:10     | Entered Level 10 of the Dungeon
  8554 | D:10     | Reached XP level 11. HP: 89/94 MP: 10/10
  8626 | D:10     | Noticed a two-headed ogre
  8638 | D:10     | Slain by a two-headed ogre

Illustrated notes

Levels and vault maps discovered:
D:1:      saegor_arrival_simple_d, layout_rooms,
          chequers_ecumenical_altar_simple_redux
D:2:      layout_rooms, st_stairs_8, minmay_pentomino_w2, uniq_natasha
D:3:      layout_loops_ring, led_sif_pool, minmay_misc_feat_plants,
          minmay_increasing_density, uniq_grinder, uniq_terence
D:4:      kennysheep_the_goblin_king, layout_basic, nicolae_wooded_promenade
D:5:      layout_gridville
D:6:      layout_basic, minmay_temple_entry_large_hall, serial_shops,
          kennysheep_mini_moat
D:7:      layout_rooms, nicolae_gozag_zags_fifth_avenue, uniq_duvessa
D:8:      nzn_winding_woodlands_small [nzn_winding_woodlands_5x15_zeroes,
          nzn_winding_woodlands_center_lodge,
          nzn_winding_woodlands_5x15_lazy_stream], layout_loops_cross,
          overflow_temple_1_default, jmf_multi_god_temple, lemuel_tele_altar,
          serial_shops, shop, uniq_erica
D:9:      layout_basic
D:10:     layout_long_grid, minivault_13, uniq_fannar
Temple:   eino_temple_rhombus

Skill      XL: |  1  2  3  4  5  6  7  8  9 10 |
---------------+-------------------------------+-----
Unarmed Combat | 4 5 7 8 9 11 14 16 | 16.2
Fighting       | |  2.4
Dodging        | |  2.4
Stealth        | |  1.0

Action                   |  1- 3 |  4- 6 |  7- 9 | 10-12 || total
-------------------------+-------+-------+-------+-------++-------
Melee: Unarmed           |    72 |   128 |   256 |   154 ||   610
       Punch             |       |     3 |    17 |     8 ||    28
Throw: Dart              |       |       |       |     8 ||     8
  Use: Scroll            |       |     8 |    13 |     3 ||    24
       Potion            |       |     1 |       |     1 ||     2
 Stab: Sleeping          |     5 |     2 |       |       ||     7
       Distracted        |       |     1 |       |     2 ||     3
Armor: Robe              |    23 |    30 |    66 |    36 ||   155
Dodge: Dodged            |    25 |    64 |   123 |    68 ||   280
